 Yiufcrawl Soup (a DCSS fork) version 1.5.2b1-yiuf-19-g91104ff (webtiles) character file.

3363 MarkovLaser the Cleaver (level 9, -6/121 HPs)
             Began as a Bearkin Berserker on July 31, 2017.
             Was an Elder of Trog.
             Mangled by a gnoll
             ... wielding a +0 halberd
              (11 damage)
             ... on level 7 of the Dungeon.
             The game lasted 00:18:53 (6020 turns).

MarkovLaser the Cleaver (Bearkin Berserker)         Turns: 6020, Time: 00:18:55

Health: -6/121     AC:  3    Str: 27    XL:     9   Next: 73%
Magic:  9/9        EV:  7    Int:  5    God:    Trog [****..]
Gold:   356        SH:  0    Dex: 15    Spells: 8/8 levels left

rFire    . . .     SeeInvis .   w - +2 battleaxe (freeze) (curse)
rCold    + . .     Gourm    .   (no shield)
rNeg     + . .     Faith    .   (armour unavailable)
rPois    .         Spirit   .   (helmet unavailable)
rElec    .         Reflect  .   (cloak unavailable)
rCorr    .         Harm     .   (gloves unavailable)
MR       +....                  (boots unavailable)
Stlth    ..........             (no amulet)
Regen    1.1/turn               (no ring)
MPRegen  0.2/turn               (no ring)

@: berserking (expiring), very quick
A: no armour, claws 1, fangs 1, carnivore 3, negative energy resistance 1,
regeneration 2, shaggy fur 3
a: Berserk, Trog's Hand, Brothers in Arms, Renounce Religion


You were on level 7 of the Dungeon.
You worshipped Trog.
Trog was greatly pleased with you.
You were very full.

You visited 2 branches of the dungeon, and saw 8 of its levels.

You collected 356 gold pieces.

Inventory:

Hand Weapons
 w - a cursed +2 battleaxe of freezing (weapon)
Missiles
 a - 8 tomahawks (quivered)
Wands
 r - a wand of polymorph (13/24)
 u - a wand of scattershot (5/9)
 v - a wand of iceblast (10/15)
Scrolls
 c - a scroll of remove curse
 e - 3 scrolls of enchant weapon
 g - 3 scrolls of immolation
 i - 3 scrolls of blinking {unknown}
 j - a scroll of identify
 k - a scroll of magic mapping
 p - 2 scrolls of fear
 q - a scroll of enchant armour
 s - 2 scrolls of amnesia {unknown}
 t - a scroll of teleportation
Potions
 d - 2 potions of heal wounds
 f - 2 potions of magic
 l - 5 potions of curing
 m - 2 potions of might
 o - a potion of invisibility
Comestibles
 b - 3 meat rations
 h - 6 royal jellies
 n - 9 chunks of flesh


   Skills:
 - Level 5.2 Fighting
 + Level 12.0 Axes
 - Level 3.0 Throwing
 - Level 3.0 Dodging


You had 8 spell levels left.
You didn't know any spells.

Dungeon Overview and Level Annotations

Branches:
Dungeon (7/15)             Temple (1/1) D:4

Altars:
Fedhas
Hepliaklqana
Uskayaw
Vehumet
Wu Jian
Xom
Jiyva

Shops:
D:4 =

Annotations:
D:4 all rings i should need


Innate Abilities, Weirdness & Mutations

You can easily heft most weapons in one hand.
You become enormous when angry, and thus cannot wear armour.
You have sharp fingernails.
You have very sharp teeth.
You are carnivorous and can eat meat at any time.
Your thick and shaggy fur keeps you warm. (AC +3, rC+)
You resist negative energy. (rN+)
You heal very quickly.


Message History

You closely miss the gnoll. You slash the gnoll shaman!
You freeze the gnoll shaman. You slash the gnoll shaman!
You freeze the gnoll shaman.
You kill the gnoll shaman!
Trog accepts your kill. The gnoll hits you with a spear.
* * * LOW HITPOINT WARNING * * *
You slice the gnoll!! You freeze the gnoll.
You kill the gnoll!
Trog accepts your kill.
You slice the gnoll!! You freeze the gnoll.
You kill the gnoll!
Trog accepts your kill.
You slash the gnoll! You freeze the gnoll.
You kill the gnoll!
Trog accepts your kill.
You closely miss the gnoll shaman. The gnoll shaman hits you with a whip.
* * * LOW HITPOINT WARNING * * *
The gnoll hits you from afar with a halberd!
You die...

......P .
#.......♣♣ ..
#......♣P♣ ...
#....P..♣
....##+#....PP♣
......g.....P..
......).....#
......)@))..#
≈.##'#)g†...#
#.)##''#
#..#...#
#..#...#
...#..!#
P...###'#
......#..##
####.. #>..##


You could see a gnoll shaman and a gnoll.

Vanquished Creatures
  A two-headed ogre (D:6)
  Pikel (D:4)
  The ghost of MarkovLaser the Skirmisher, an amateur BKBe of Trog (D:3)
  An orc warrior (D:6)
  2 ice beasts (D:5)
  A sky beast (D:6)
  2 slaves (D:4)
  3 ogres
  A centaur (D:5)
  2 bullfrogs (D:6)
  2 scorpions (D:6)
  5 wights (D:6)
  A howler monkey (D:4)
  3 orc priests
  3 orc wizards
  A jelly (D:5)
  2 bullfrog skeletons
  4 gnoll shamans (D:7)
  3 iguanas
  Natasha (twice) (D:2)
  4 worker ants
  A howler monkey skeleton (D:4)
  11 gnolls
  15 adders
  An ooze (D:3)
  2 adder zombies
  3 adder skeletons
  3 worms
  4 dart slugs
  7 leopard geckos
  18 orcs
  4 ball pythons
  6 bats
  2 giant cockroaches
  9 goblins
  11 hobgoblins
  4 jackals (D:3)
  3 quokkas
  2 frilled lizards
  A jackal skeleton (D:4)
  7 kobolds
  9 rats
168 creatures vanquished.

Vanquished Creatures (others)
  A slave (D:7)
  2 plants (D:7)
3 creatures vanquished.

Grand Total: 171 creatures vanquished

Notes
Turn   | Place    | Note
-------+----------+-------------------------------------------
     0 | D:1      | MarkovLaser the Bearkin Berserker began the quest for the Orb.
     0 | D:1      | Reached XP level 1. HP: 21/21 MP: 1/1
   310 | D:1      | Gained mutation: Your natural rate of healing is unusually fast. [the bear spirit]
   310 | D:1      | Reached XP level 2. HP: 22/30 MP: 2/2
   641 | D:1      | Reached ** piety under Trog
   671 | D:1      | Reached skill level 5 in Fighting
   935 | D:1      | Reached XP level 3. HP: 37/39 MP: 3/3
  1403 | D:2      | Reached skill level 1 in Axes
  1544 | D:2      | Noticed Natasha
  1554 | D:2      | Killed Natasha
  1554 | D:2      | Reached skill level 2 in Axes
  1554 | D:2      | Gained mutation: You heal very quickly. [the bear spirit]
  1554 | D:2      | Reached XP level 4. HP: 28/46 MP: 4/4
  1866 | D:2      | Noticed Natasha
  1869 | D:2      | Killed Natasha
  1869 | D:2      | Reached skill level 3 in Axes
  2134 | D:3      | Reached XP level 5. HP: 44/52 MP: 5/5
  2211 | D:3      | Found a blossoming altar of Fedhas.
  2452 | D:3      | Reached *** piety under Trog
  2490 | D:3      | Noticed MarkovLaser's ghost (amateur BKBe)
  2497 | D:3      | Killed MarkovLaser's ghost
  2497 | D:3      | Reached skill level 5 in Axes
  2497 | D:3      | Reached XP level 6. HP: 49/61 MP: 6/6
  2990 | D:4      | Found Rudivobe's Jewellery Shoppe.
  3128 | D:4      | Reached skill level 6 in Axes
  3128 | D:4      | Reached XP level 7. HP: 64/67 MP: 7/7
  3288 | D:4      | Found an ornate altar of the Wu Jian Council.
  3318 | D:4      | Noticed Pikel
  3337 | D:4      | Killed Pikel
  3337 | D:4      | Reached skill level 7 in Axes
  3399 | D:4      | Gained mutation: You resist negative energy. (rN+) [the bear spirit]
  3399 | D:4      | Reached XP level 8. HP: 61/74 MP: 8/8
  3413 | D:4      | Found a shimmering altar of Xom.
  3414 | D:4      | Found a shimmering altar of Xom.
  3414 | D:4      | Found a shimmering altar of Xom.
  3415 | D:4      | Found a shimmering altar of Xom.
  3415 | D:4      | Found a faded altar of an unknown god.
  3415 | D:4      | Found a glowing silver altar of Zin.
  3421 | D:4      | Received a gift from Trog
  3437 | D:4      | Reached skill level 8 in Axes
  3472 | D:4      | Found a shimmering altar of Xom.
  3472 | D:4      | Found a viscous altar of Jiyva.
  3621 | D:4      | Found a staircase to the Ecumenical Temple.
  3645 | Temple   | Entered the Ecumenical Temple
  3771 | D:5      | Entered Level 5 of the Dungeon
  4010 | D:5      | Reached skill level 9 in Axes
  4817 | D:6      | Found a hide-covered altar of Uskayaw.
  4991 | D:6      | Reached skill level 10 in Axes
  5063 | D:6      | Reached **** piety under Trog
  5066 | D:6      | Reached XP level 9. HP: 81/81 MP: 9/9
  5356 | D:6      | Noticed a two-headed ogre
  5364 | D:6      | Killed a two-headed ogre
  5364 | D:6      | Reached skill level 11 in Axes
  5898 | D:7      | Found a radiant altar of Vehumet.
  6014 | D:7      | Reached skill level 12 in Axes
  6020 | D:7      | HP: 5/121 [gnoll shaman/whip (4)]
  6020 | D:7      | Mangled by a gnoll

Skill      XL: |  1  2  3  4  5  6  7  8  9 |
---------------+----------------------------+-----
Fighting       | 4 5 |  5.2
Axes           | 2 3 5 6 7 10 12 | 12.0
Throwing       | |  3.0
Dodging        | |  3.0

Action                   |  1- 3 |  4- 6 |  7- 9 || total
-------------------------+-------+-------+-------++-------
Melee: Unarmed           |    28 |       |       ||    28
       Bite              |    10 |    20 |    48 ||    78
       Club              |    70 |       |       ||    70
       Hand axe          |    35 |   151 |   233 ||   419
       Battleaxe         |       |       |    79 ||    79
Invok: Berserk           |     3 |     3 |    11 ||    17
       Trog's Hand       |     1 |       |       ||     1
  Use: Scroll            |       |       |    14 ||    14
 Stab: Sleeping          |     3 |     3 |       ||     6
  Eat: Chunk             |    10 |     7 |    14 ||    31
Armor: Skin              |    29 |    55 |    43 ||   127
Dodge: Dodged            |    57 |    68 |   102 ||   227
